 Dungeon Crawl Stone Soup version 0.30-a0-802-gb92711bcdf (webtiles) character file.

Game seed: 482344148158545166

1114 demibob the Carver (level 8, 0/64 HPs)
             Began as a Minotaur Fighter on Feb 24, 2023.
             Succumbed to a hornet's poison
             ... while paralysed by a hornet
             ... on level 5 of the Dungeon.
             The game lasted 00:07:12 (4282 turns).

demibob the Carver (Minotaur Fighter)               Turns: 4282, Time: 00:07:13

Health: 0/64       AC:  7    Str: 19    XL:     8   Next: 12%
Magic:  7/7        EV:  2    Int:  7    God:
Gold:   244        SH:  0    Dex: 10    Spells: 7/7 levels left

rFire   . . .      SeeInvis +    a - +0 long sword
rCold   . . .      Faith    .    (no shield)
rNeg    . . .      Spirit   .    b - +1 scale mail
rPois   .          Reflect  .    (helmet restricted)
rElec   .          Harm     .    (no cloak)
rCorr   .          Rampage  .    (no gloves)
Will    .....                    (no boots) Stlth
                                 h - amulet "Nilen" {RegenMP +Blink Regen+ Str-2 SInv}
HPRegen 1.10/turn                (no ring)
MPRegen 0.50/turn                (no ring)

@: paralysed, lethally poisoned (0 -> -7)
A: horns 2, retaliatory headbutt
a: Evoke Blink


You were on level 5 of the Dungeon.
You visited 2 branches of the dungeon, and saw 6 of its levels.
You also visited: Sewer.

You collected 244 gold pieces.


Innate Abilities, Weirdness & Mutations

You have a pair of horns on your head.
You reflexively headbutt those who attack you in melee.


   Skills:
 - Level 3.6 Fighting
 + Level 11.6 Long Blades
 - Level 3.6 Armour
 - Level 3.6 Shields


You had 7 spell levels left.
You didn't know any spells.
Your spell library contained the following spells:

 Spells                   Type           Power      Damage    Failure   Level
 Apportation              Tloc           0%         N/A       80%         1
 Beastly Appendage        Tmut           0%         N/A       80%         1
 Wereblood                Tmut           0%         N/A       90%         2
 Spider Form              Tmut/Pois      0%         N/A       99%         3
 Alistair's Intoxication  Tmut/Pois      0%         N/A       100%        5

Inventory:

Hand Weapons
 a - a +0 long sword (weapon)
Armour
 b - a +1 scale mail (worn)
Jewellery
 h - the amulet "Nilen" (around neck) {RegenMP +Blink Regen+ Str-2 SInv}
   (You found it on level 3 of the Dungeon)

   [amulet of magic regeneration]

   It increases your rate of magic regeneration.
   Str:       It affects your strength (-2).
   SInv:      It lets you see invisible.
   +Blink:    It lets you blink.
   Regen:     It increases your rate of health regeneration.
 p - an amulet of guardian spirit
Scrolls
 c - 3 scrolls of fear
 e - 2 scrolls of identify {@r1}
 o - a scroll of enchant weapon {unknown}
Potions
 d - a potion of might
 f - 4 potions of magic
 g - a potion of flight {unknown}
 i - a potion of haste {@q3}
 j - a potion of cancellation
 l - a potion of degeneration {unknown}
 m - 2 potions of invisibility
 n - a potion of lignification
 q - a potion of brilliance {unknown}

Dungeon Overview and Level Annotations

Branches:
Dungeon (5/15)             Temple (1/1) D:4           Sewer (visited)

Altars:
Ashenzari
Cheibriados
Dithmenos
Fedhas
Kikubaaqudgha
Makhleb
Nemelex Xobeh
Qazlal
Sif Muna
Trog
Vehumet
Wu Jian
Zin
The Shining One

Shops:
D:4

!* #.....##
#.##.##.####
#.....#
#.##.##.#
#.....#
#....)..#
##...##
###..)######.
...#
##...)........
###.....>.###..
.
..........###s
..
........#.#..
...
....##..#@#.#
.... ####
#..#y#.#.....
###..#ss[..##
#.....o.....#
#........##.#
#.#......# #
......#..#....
##+###....o.#.#
#.#..... #


You could see a hornet, 2 scorpions and 2 orcs.


Message History

You feel very sick. The hornet stings you!
* * * LOW HITPOINT WARNING * * *
You feel as though you will be slow longer.
The orc throws a boomerang.
The boomerang barely misses the scorpion.
The boomerang completely misses the hornet.
The boomerang barely misses you. The hornet barely misses you.
You furiously retaliate!
You headbutt the hornet.
It was a potion of lignification.
You turn into a tree.
Your +1 scale mail melds into your body.
Your roots penetrate the ground.
You feel sick.
The hornet stings you but does no damage. x2
You are stuck in your current form!
It was a potion of cancellation.
Your magical effects are unravelling.
You feel magically purged.
You feel less wooden.
Your +1 scale mail unmelds from your body.
You feel yourself speed up.
You flicker back into view.
You feel sick. The hornet closely misses you. The hornet stings you.
* * * LOW HITPOINT WARNING * * *
You suddenly lose the ability to move!
An orc comes into view. It is wielding a +0 hand axe.
The hornet stings you.
* * * LOW HITPOINT WARNING * * *
You are lethally poisoned!
You feel yourself slow down.
You feel yourself speed up.
You die...

Skill      XL: |  1  2  3  4  5  6  7 |
---------------+----------------------+-----
Long Blades    | 3 4 5 6 7 9 11 | 11.6
Fighting       | |  3.6
Armour         | |  3.6
Shields        | |  3.6

Action                     |  1- 3 |  4- 6 |  7- 9 || total
---------------------------+-------+-------+-------++-------
  Melee: Long sword        |    98 |   209 |    83 ||   390
         Headbutt          |    13 |    22 |    18 ||    53
         Punch             |       |     1 |     2 ||     3
    Use: Scroll            |       |    10 |       ||    10
         Potion            |       |       |     7 ||     7
 Armour: Scale mail        |    81 |   134 |    22 ||   237
         Skin              |       |       |     2 ||     2
  Dodge: Dodged            |    58 |   144 |    30 ||   232

Levels and vault maps discovered:
D:1:      mainiacjoe_arrival_reflecting_pool, layout_loops_ring,
          dreamdust_ecumenical_altar_angels_and_demons
D:2:      layout_rooms, serial_rivers, chequers_serial_rivers_small_3,
          chequers_serial_rivers_small_a, chequers_serial_rivers_large_a,
          chequers_serial_rivers_room_a, chequers_serial_rivers_micro_d,
          chequers_serial_rivers_marsh, basic_altar
D:3:      cheibrodos_old_hovel, layout_loops_ring, mainiacjoe_overflow_paths,
          nicolae_qazlal_scattered_showers, cheibrodos_sewer_entry_sluice,
          uniq_natasha
D:4:      layout_basic, minmay_temple_entry_trees, serial_shops,
          nicolae_take_the_stairs, nicolae_shop_fire_sale
          [nicolae_sub_dead_trees]
D:5:      minmay_chambers_of_fours, layout_loops_cross, lemuel_doored_altar,
          kennysheep_generic_room_7
Temple:   hellmonk_temple_forest_ring

Notes
Turn   | Place    | Note
-------+----------+-------------------------------------------
     0 | D:1      | demibob the Minotaur Fighter began the quest for the Orb.
     0 | D:1      | Reached XP level 1. HP: 19/19 MP: 0/0
   123 | D:1      | Reached skill level 3 in Long Blades
   160 | D:1      | Found a faded altar of an unknown god.
   212 | D:1      | Reached XP level 2. HP: 26/26 MP: 1/1
   449 | D:1      | Reached skill level 4 in Long Blades
   689 | D:1      | You fall into a shaft and drop 1 floor!
   689 | D:2      | Found a bloodstained altar of Trog.
   709 | D:2      | Reached XP level 3. HP: 27/31 MP: 2/2
  1077 | D:2      | Reached skill level 5 in Long Blades
  1078 | D:2      | Reached XP level 4. HP: 32/39 MP: 3/3
  1670 | D:3      | Found a glowing drain.
  1685 | D:3      | Identified the amulet "Nilen" {RegenMP +Blink Regen+ Str-2
                  | SInv}
  1695 | Sewer    | Entered a sewer
  1754 | Sewer    | Reached skill level 6 in Long Blades
  1864 | Sewer    | Reached XP level 5. HP: 36/45 MP: 4/4
  1979 | Sewer    | Reached skill level 7 in Long Blades
  2075 | Sewer    | Reached XP level 6. HP: 43/51 MP: 5/5
  2318 | D:3      | Found a blossoming altar of Fedhas.
  2322 | D:3      | Noticed Natasha
  2335 | D:3      | Killed Natasha
  2531 | D:3      | Noticed Natasha
  2540 | D:3      | Killed Natasha
  2541 | D:3      | Reached skill level 8 in Long Blades
  2575 | D:3      | Found a stormy altar of Qazlal.
  2846 | D:4      | Found Kaaqupn's Fire Supplies.
  2970 | D:4      | Found a staircase to the Ecumenical Temple.
  3063 | Temple   | Entered the Ecumenical Temple
  3323 | D:4      | Found Nugu's Distillery.
  3854 | D:5      | Entered Level 5 of the Dungeon
  3863 | D:5      | Reached skill level 9 in Long Blades
  3863 | D:5      | Reached XP level 7. HP: 50/57 MP: 6/6
  3972 | D:5      | Reached skill level 10 in Long Blades
  4091 | D:5      | Noticed a wyvern
  4128 | D:5      | Killed a wyvern
  4129 | D:5      | Reached skill level 11 in Long Blades
  4215 | D:5      | Reached XP level 8. HP: 53/64 MP: 7/7
  4271 | D:5      | Noticed a hornet
  4277 | D:5      | Paralysed by a hornet for 1 turns
  4281 | D:5      | HP: 5/64 [hornet (2)]
  4281 | D:5      | Paralysed by a hornet for 3 turns
  4281 | D:5      | HP: 2/64 [hornet (3)]
  4282 | D:5      | Succumbed to a hornet's poison

Vanquished Creatures
  A wyvern (D:5)
  A black bear (D:5)
  3 ogres
  A kobold brigand (Sewer)
  A scorpion (D:5)
  A jelly (D:5)
  A hound (D:5)
  An orc priest (D:5)
  A gnoll bouda (D:5)
  An iguana (D:5)
  Natasha (twice) (D:3)
  2 orc wizards (D:5)
  7 adders
  4 river rats (Sewer)
  A shadow imp (D:5)
  A worm (D:3)
  3 dart slugs
  11 orcs
  14 ball pythons
  11 bats
  5 endoplasms
  10 goblins
  6 hobgoblins
  7 jackals
  26 kobolds
  A quokka (D:2)
  3 frilled lizards
  18 rats
144 creatures vanquished.

Vanquished Creatures (others)
  A plant (D:3)
1 creature vanquished.

Grand Total: 145 creatures vanquished

Table legend: (Time is in decaauts)
 A = Elapsed time spent in this place.
 B = Non-inter-level travel time spent in this place.
 C = Inter-level travel time spent in this place.
 D = Time resting spent in this place.
 E = Time spent auto-exploring this place.
 F = Levels seen in this place.
 G = Mean time per level.
                   A        B        C        D        E       F      G
               +--------+--------+--------+--------+--------+-----+--------+
         Total |   4320 |   4198 |    122 |    260 |   3030 |   7 |  617.1 |
       Dungeon |   3534 |   3431 |    103 |    254 |   2496 |   5 |  706.8 |
        Temple |    163 |    145 |     18 |      0 |    136 |   1 |  163.0 |
         Sewer |    621 |    621 |      0 |      6 |    397 |   1 |  621.0 |
               +--------+--------+--------+--------+--------+-----+--------+

Top non-repeatable levels by time:
     D:4: 846 daAuts
     D:2: 841 daAuts
     D:1: 820 daAuts
     D:3: 625 daAuts
   Sewer: 621 daAuts
     D:5: 401 daAuts
  Temple: 163 daAuts

Table legend:
 A = Non-vault XP
 B = Vault XP
 C = Vault XP percentage of total XP
 D = Non-vault monster count
 E = Vault monster count
 F = Vault count percentage of total count
                 A         B        C        D         E       F
            +---------+---------+-------+---------+---------+-------
      Total |     952 |     640 |  40.2 |      85 |      59 |  41.0
            +---------+---------+-------+---------+---------+-------
        D:1 |      34 |       0 |   0.0 |      17 |       0 |   0.0
        D:2 |      83 |       0 |   0.0 |      28 |       0 |   0.0
        D:3 |      70 |      45 |  39.1 |      19 |       5 |  20.8
        D:4 |     147 |       0 |   0.0 |      11 |       0 |   0.0
        D:5 |     618 |     352 |  36.3 |      10 |       6 |  37.5
      Sewer |       0 |     243 | 100.0 |       0 |      48 | 100.0
            +---------+---------+-------+---------+---------+-------
